 Dungeon Crawl Stone Soup version 0.25-a0-1132-g9d38388ac0 (webtiles) character file.

Game seed: 16958180678181260064, levelgen mode: deterministic

1253 RedPan the Grappler (level 8, -9/63 HPs)
             Began as a Ghoul Monk on May 20, 2020.
             Was a Believer of Okawaru.
             Mangled by Pikel
             ... wielding a +1 whip of electrocution
              (15 damage)
             ... on level 4 of the Dungeon.
             The game lasted 00:11:18 (4418 turns).

RedPan the Grappler (Ghoul Monk)                    Turns: 4418, Time: 00:11:18

Health: -9/63      AC: 22    Str: 17    XL:     8   Next: 51%
Magic:  7/9        EV:  8    Int:  5    God:    Okawaru [**....]
Gold:   337        SH:  0    Dex: 11    Spells: 7/7 levels left

rFire    . . .     SeeInvis +     - Unarmed
rCold    + . .     Gourm    .   (no shield)
rNeg     + + +     Faith    .   g - +4 plate armour
rPois    ∞         Spirit   .   k - +0 helmet
rElec    .         Reflect  .   d - scarf {+Inv}
rCorr    .         Harm     .   c - +1 pair of gloves
MR       +....                  (no boots)
Stlth    ..........             (no amulet)
HPRegen  0.00/turn              q - ring of protection from magic
MPRegen  0.11/turn              u - ring of see invisible

@: heroism, rotting
A: rotting body, claws 1, carnivore, cold resistance 1, negative energy
resistance 3, inhibited regeneration, torment resistance, unbreathing
a: Heroism, Renounce Religion, Evoke Invisibility


You were on level 4 of the Dungeon.
You worshipped Okawaru.
Okawaru was pleased with you.
You were not hungry.

You visited 2 branches of the dungeon, and saw 6 of its levels.

You collected 337 gold pieces.

Inventory:

Armour
 c - a +1 pair of gloves (worn)
 d - a scarf of invisibility (worn)
 g - a +4 plate armour (worn)
 k - a +0 helmet (worn)
Jewellery
 q - a ring of protection from magic (left hand)
 u - a ring of see invisible (right hand)
Wands
 o - a wand of disintegration (6)
Scrolls
 f - 2 scrolls of teleportation
 i - 2 scrolls of immolation
 m - 2 scrolls of enchant armour
 s - 2 scrolls of remove curse
Potions
 h - a potion of invisibility {unknown}
 n - 3 potions of brilliance
 p - a potion of magic {unknown}
 r - a potion of haste
Comestibles
 a - a chunk of flesh
 b - 8 rations


   Skills:
 - Level 3.2(8.2) Fighting
 + Level 4.2(9.2) Armour
 - Level 3.0(8.0) Dodging
 - Level 2.1(7.1) Stealth
 * Level 9.2(14.2) Unarmed Combat
 + Level 3.5 Invocations


You had 7 spell levels left.
You didn't know any spells.
Your spell library contained the following spells:

 Spells                   Type           Power        Failure   Level  Hunger
 Corona                   Hex            #......      100%        1    ##.....
 Ensorcelled Hibernation  Hex/Ice        #.....       100%        2    ###....
 Confusing Touch          Hex            #.......     100%        3    ####...
 Dazzling Flash           Conj/Hex       #.....       100%        3    ####...
 Tukima's Dance           Hex            #.......     100%        3    ####...


Dungeon Overview and Level Annotations

Branches:
Dungeon (5/15)             Temple (1/1) D:4

Altars:
Ashenzari
Cheibriados
Dithmenos
Elyvilon
Fedhas
Hepliaklqana
Kikubaaqudgha
Makhleb
Okawaru
Qazlal
Ru
Sif Muna
Trog
Vehumet
Xom
Yredelemnul
Zin
The Shining One

Shops:
D:4 :

Annotations:
D:4 Pikel


Innate Abilities, Weirdness & Mutations

Your body is rotting away.
You thrive on raw meat.
You are immune to poison.
You have sharp fingernails.
You are carnivorous and can eat meat at any time.
Your flesh is cold resistant. (rC+)
You are immune to negative energy. (rN+++)
You do not regenerate when monsters are visible.
You are immune to unholy pain and torment.
You can survive without breathing.


Message History

The centaur skeleton hits you but does no damage.
The frilled lizard bites you but does no damage.
Pikel completely misses you.
You climb upwards.
There is a stone staircase leading down here.
Unknown command.
You gain the combat prowess of a mighty hero.
Pikel hits you but does no damage.
You are electrocuted!
* * * LOW HITPOINT WARNING * * *
The frilled lizard bites you but does no damage.
Eat one of 2 chunks of flesh? (ye/n/q)
You eat one of the 2 chunks of flesh.
You feel more resilient.
This raw flesh tastes great!
Pikel hits you but does no damage.
You are electrocuted!
* * * LOW HITPOINT WARNING * * *
The frilled lizard bites you but does no damage.
Pikel hits you but does no damage.
You are electrocuted!
You die...

......#.........#................
......#.....#...#................
......#.....#...'................
#######.....#####................
...................##'###########
...................#.............
.....).............#.............
.<......)........l.#.............
........)......K@..#.............
.....)..)..........#....)........
...................#.............
...................###.(.####'###
####'###########.....#...####....
..#............#.....#.(..#∩.....
..#............#.....#.(..#......
..#............).....#.(..#......
..#............#.....'(..('......


You could see Pikel (fast) and a frilled lizard.

Vanquished Creatures
  Grinder (D:3)
  Eustachio (D:4)
  An ice beast (D:4)
  An ogre (D:4)
  2 howler monkeys (D:4)
  2 crimson imps (D:5)
  2 hounds
  4 orc wizards
  Jessica (D:3)
  Ijyb (D:4)
  An iguana (D:4)
  2 worker ants (D:4)
  Natasha (thrice) (D:4)
  Robin (D:4)
  8 adders
  2 oozes
  An adder skeleton (D:4)
  5 worms
  A dart slug (D:3)
  4 leopard geckos
  17 orcs
  11 bats
  6 giant cockroaches
  13 hobgoblins
  3 quokkas
  A ball python (D:4)
  8 frilled lizards
  16 goblins
  5 kobolds
  12 rats
136 creatures vanquished.

Notes
Turn   | Place    | Note
-------+----------+-------------------------------------------
     0 | D:1      | RedPan the Ghoul Monk began the quest for the Orb.
     0 | D:1      | Reached XP level 1. HP: 19/19 MP: 0/0
   320 | D:1      | Reached XP level 2. HP: 26/26 MP: 1/1
   512 | D:1      | Reached skill level 4 in Unarmed Combat
   725 | D:1      | Reached XP level 3. HP: 31/31 MP: 2/2
  1043 | D:2      | Reached skill level 5 in Unarmed Combat
  1043 | D:2      | Reached XP level 4. HP: 32/38 MP: 3/3
  1101 | D:2      | Found a blossoming altar of Fedhas.
  1398 | D:2      | Reached XP level 5. HP: 43/45 MP: 4/4
  1550 | D:3      | Reached skill level 1 in Armour
  1572 | D:3      | Reached skill level 6 in Unarmed Combat
  1632 | D:3      | Noticed Grinder
  1638 | D:3      | Paralysed by Grinder for 6 turns
  1859 | D:3      | Paralysed by Grinder for 6 turns
  1868 | D:3      | Killed Grinder
  1868 | D:3      | Reached XP level 6. HP: 21/51 MP: 5/5
  2067 | D:3      | Reached skill level 7 in Unarmed Combat
  2108 | D:3      | Found a radiant altar of Vehumet.
  2424 | D:3      | Noticed Jessica
  2431 | D:3      | Killed Jessica
  2431 | D:3      | Reached XP level 7. HP: 57/57 MP: 6/6
  2473 | D:3      | Found a faded altar of an unknown god.
  2812 | D:4      | Found a staircase to the Ecumenical Temple.
  2836 | D:4      | Noticed Natasha
  2851 | D:4      | Killed Natasha
  2856 | Temple   | Entered the Ecumenical Temple
  3046 | Temple   | Became a worshipper of Warmaster Okawaru
  3046 | Temple   | Reached * piety under Okawaru
  3046 | Temple   | Reached ** piety under Okawaru
  3129 | D:4      | Noticed Natasha
  3142 | D:4      | Killed Natasha
  3187 | D:4      | Noticed Robin
  3216 | D:4      | Killed Robin
  3299 | D:4      | Reached skill level 1 in Invocations
  3474 | D:4      | Noticed Ijyb
  3491 | D:4      | Killed Ijyb
  3491 | D:4      | Reached skill level 8 in Unarmed Combat
  3721 | D:4      | Found Piagraog's Book Shop.
  3741 | D:4      | Noticed Natasha
  3754 | D:4      | Killed Natasha
  3754 | D:4      | Reached XP level 8. HP: 59/63 MP: 8/8
  3811 | D:4      | Found a shadowy altar of Dithmenos.
  3822 | D:4      | Noticed Eustachio
  3841 | D:4      | Killed Eustachio
  4193 | D:5      | Entered Level 5 of the Dungeon
  4198 | D:5      | Reached skill level 9 in Unarmed Combat
  4210 | D:5      | Found a shimmering blue altar of Sif Muna.
  4210 | D:5      | Found a snail-covered altar of Cheibriados.
  4211 | D:5      | Found a blossoming altar of Fedhas.
  4211 | D:5      | Found a bloodstained altar of Trog.
  4404 | D:5      | Noticed Pikel
  4418 | D:4      | Mangled by Pikel

Illustrated notes

Levels and vault maps discovered:
D:1:      heliophobic_arrival_enchanted_forest, layout_basic,
          hangedman_feature_mirror, minivault_25
D:2:      layout_rooms, first_ration, grunt_ministairs_3, fedhas_ov_isle_minmay
D:3:      layout_basic, fiery_altar_vehumet, chequers_ecumenical_altar_grove,
          uniq_grinder, uniq_jessica
D:4:      layout_gridville, nicolae_dithmenos_through_a_glass_darkly,
          minmay_temple_entry_glass, serial_shops, shop, uniq_ijyb,
          uniq_eustachio, uniq_natasha, uniq_robin
D:5:      layout_cave_pools, chequers_temple_overflow_statue_of_worship,
          uniq_pikel
Temple:   hc_temple_tempest_star

Skill      XL: |  1  2  3  4  5  6  7  8 |
---------------+-------------------------+-----
Dodging        | 3 |  3.0
Unarmed Combat | 4 5 6 7 8 9 |  9.2
Armour         | 3 4 |  4.2
Invocations    | 2 3 |  3.5
Fighting       | |  3.2
Stealth        | |  2.1

Action                   |  1- 3 |  4- 6 |  7- 9 || total
-------------------------+-------+-------+-------++-------
Melee: Unarmed           |   106 |   195 |   269 ||   570
       Punch             |       |     2 |     7 ||     9
Invok: Heroism           |       |       |     3 ||     3
  Use: Scroll            |     2 |     2 |    10 ||    14
 Stab: Sleeping          |     1 |       |       ||     1
  Eat: Chunk             |     3 |    10 |    25 ||    38
Armor: Robe              |    13 |       |       ||    13
       Plate armour      |    41 |   158 |   294 ||   493
Dodge: Dodged            |    55 |    64 |   124 ||   243

Table legend:
 A = Non-vault XP
 B = Vault XP
 C = Vault XP percentage of total XP
 D = Non-vault monster count
 E = Vault monster count
 F = Vault count percentage of total count
                 A         B        C        D         E       F
            +---------+---------+-------+---------+---------+-------
      Total |    1181 |     609 |  34.0 |     116 |      20 |  14.7
            +---------+---------+-------+---------+---------+-------
        D:1 |      41 |       4 |   8.9 |      26 |       2 |   7.1
        D:2 |     119 |       3 |   2.5 |      18 |       2 |  10.0
        D:3 |     164 |     304 |  65.0 |      37 |       2 |   5.1
        D:4 |     651 |     298 |  31.4 |      25 |      14 |  35.9
        D:5 |     206 |       0 |   0.0 |      10 |       0 |   0.0
            +---------+---------+-------+---------+---------+-------
